 Dungeon Crawl Stone Soup version 0.26.1-11-gd32895ea62 (webtiles) character file.

Game seed: 3921914734222918752

91 Zeld the Grasshopper (level 4, -2/29 HPs)
             Began as an Octopode Warper on May 16, 2021.
             Slain by a bullfrog skeleton (4 damage)
             ... on level 4 of the Dungeon.
             The game lasted 00:01:24 (2026 turns).

Zeld the Grasshopper (Octopode Warper)              Turns: 2026, Time: 00:01:25

Health: -2/29      AC:  1    Str: 11    XL:     4   Next: 59%
Magic:  7/8        EV: 13    Int: 15    God:
Gold:   98         SH:  0    Dex: 11    Spells: 8/8 levels left

rFire    . . .     SeeInvis .   a - +0 mace
rCold    . . .     Faith    .   (no shield)
rNeg     . . .     Spirit   .   (helmet restricted)
rPois    .         Reflect  .   (no amulet)
rElec    .         Harm     .   (no ring)
rCorr    .         Rampage  .   (no ring)
Will     .....                  (no ring)
Stlth    ++........             (no ring)
HPRegen  0.09/turn              (no ring)
MPRegen  0.11/turn              (no ring)
                                (no ring)
                                (no ring)

@: no status effects
A: almost no armour, stealthy swim, amphibious, 8 rings, constrict 8, camouflage
1, gelatinous body 1
a: no special abilities


You were on level 4 of the Dungeon.
You visited 1 branch of the dungeon, and saw 4 of its levels.

You collected 98 gold pieces.

Inventory:

Hand Weapons
 a - a +0 mace (weapon)
Missiles
 b - 5 boomerangs of dispersal
 l - 5 boomerangs (quivered)
Jewellery
 f - an uncursed ring of fire {unknown}
 k - a +6 ring of dexterity {unknown}
Wands
 p - a wand of random effects (12)
Scrolls
 c - a scroll of blinking
 e - a scroll of random uselessness {unknown}
 g - a scroll of enchant weapon {unknown}
 h - a scroll of identify {unknown}
 i - a scroll of teleportation {unknown}
 m - a scroll of remove curse {unknown}
Potions
 d - a potion of berserk rage {unknown}
 j - a potion of brilliance {unknown}
 n - a potion of invisibility {unknown}
 o - 2 potions of mutation {unknown}


   Skills:
 - Level 2.0 Fighting
 * Level 3.5 Maces & Flails
 - Level 1.0 Throwing
 - Level 2.3 Dodging
 + Level 2.7 Spellcasting
 + Level 3.6 Translocations


You had 8 spell levels left.
You didn't know any spells.
Your spell library contained the following spells:

 Spells                   Type           Power        Failure   Level
 Blink                    Tloc           N/A          7%          2
 Gell's Gravitas          Tloc           6%           14%         3
 Lesser Beckoning         Tloc           6%           14%         3
 Teleport Other           Tloc           12%          14%         3
 Passage of Golubria      Tloc           N/A          43%         4


Dungeon Overview and Level Annotations

Branches:
Dungeon (4/15)
 Temple: D:4-7

Altars:


Innate Abilities, Weirdness & Mutations

You cannot wear most types of armour.
You are very stealthy in the water. (Stealth+)
You are amphibious.
You can wear up to eight rings at the same time.
You can use your tentacles to constrict eight enemies at once.
Your skin changes colour to match your surroundings (Stealth+).
Your rubbery body absorbs attacks. (AC +1, EV +1)


Message History

You hit the bullfrog skeleton. You grab the bullfrog skeleton.
The bullfrog skeleton is lightly damaged.
You constrict the bullfrog skeleton. The bullfrog skeleton hits you. x2
You are too injured to fight recklessly!
You are too injured to fight recklessly!
You are too injured to fight recklessly!
You hit the bullfrog skeleton.
You squeeze the bullfrog skeleton, but do no damage.
The bullfrog skeleton is lightly damaged.
You constrict the bullfrog skeleton. The bullfrog skeleton hits you.
* * * LOW HITPOINT WARNING * * *
You hit the bullfrog skeleton.
The bullfrog skeleton is heavily damaged.
You constrict the bullfrog skeleton. The bullfrog skeleton misses you.
The bullfrog skeleton hits you.
* * * LOW HITPOINT WARNING * * *
You hit the bullfrog skeleton.
The bullfrog skeleton is severely damaged.
You constrict the bullfrog skeleton. The bullfrog skeleton hits you.
You die...

# ###.##......#
###.......Y..........
....#.##............ .
......##...###.....# ..
...................##.
........>............
..........(........#
####..........##†Z.#
.........###.>.#@..##..
########.....#..........
##....#####.............
......'.#####.....$.....
......#.................
...######.....#.##......
.### ####.#####..#.....#
### #................#.
##$O #..#.#..##..#....#


You could see a bullfrog skeleton.

Vanquished Creatures
  An iguana (D:4)
  A worker ant (D:4)
  2 adders
  A dart slug (D:2)
  An orc (D:3)
  3 bats
  3 goblins
  2 hobgoblins
  3 kobolds
  A frilled lizard (D:3)
  5 rats
23 creatures vanquished.

Notes
Turn   | Place    | Note
-------+----------+-------------------------------------------
     0 | D:1      | Zeld the Octopode Warper began the quest for the Orb.
     0 | D:1      | Reached XP level 1. HP: 14/14 MP: 3/3
   149 | D:2      | Reached XP level 2. HP: 8/19 MP: 5/5
   661 | D:2      | Reached XP level 3. HP: 17/24 MP: 6/6
  1362 | D:4      | Noticed an ogre
  1362 | D:4      | Noticed a killer bee
  1362 | D:4      | Noticed a centaur
  1389 | D:4      | Reached XP level 4. HP: 17/29 MP: 7/7
  1756 | D:4      | Noticed an ice beast
  2025 | D:4      | HP: 1/29 [bullfrog skeleton (5)]
  2026 | D:4      | Slain by a bullfrog skeleton

Illustrated notes

Levels and vault maps discovered:
D:1:      giann_horns, layout_loops_ring
D:2:      layout_basic, minmay_misc_feat_more_columns
D:3:      layout_basic, gammafunk_ghost_stat_death, uniq_jessica
D:4:      layout_rooms, minmay_temple_entry_nine_rooms, minmay_curled_crystal,
          lightli_corner_chamber

Skill      XL: |  1  2  3 |
---------------+----------+-----
Maces & Flails | 3 |  3.5
Fighting       | |  2.0
Throwing       | |  1.0
Dodging        | |  2.3
Spellcasting   | |  2.7
Translocations | |  3.6

Action                   |  1- 3 |  4- 6 || total
-------------------------+-------+-------++-------
Melee: Mace              |    44 |     7 ||    51
       Constrict         |    12 |     2 ||    14
       Tentacles         |    10 |     3 ||    13
 Stab: Sleeping          |     3 |       ||     3
Armor: Skin              |     1 |       ||     1
Dodge: Dodged            |    28 |     5 ||    33
